AoeStats
← harooooo

Fortress

507810210Analyzed
4v4 RM · 13d ago on Sep 19, 2026· 75m 9s· 8 players
Game mode
Random Map
Map size
Huge
Population
200
Speed
Normal
Resources
Standard
Victory
Conquest
Starting age
Dark Age
Ending age
Imperial Age
RankedLock teamsTeams togetherTeam positionsShared explorationLock speedFull tech treeHidden civsTurbo modeCheats
Victory
Defeat
🇲🇽 Japanese · Mexico
1458
+20
🇸🇮 Spanish · Slovenia
1400
+22
🇹🇷 Poles · Türkiye
1394
+23
1383
+23
🇧🇦 Vikings · Bosnia & Herzegovina
1579
-23
🇭🇷 Spanish · Croatia
1578
-23
🇧🇦 Slavs · Bosnia & Herzegovina
1536
-22
🇦🇹 Britons · Austria
1502
-20
Ferpo
7:56 Feudal Age
12:00 Castle Age
10:36 Double-Bit Axe
11:29 Scale Mail Armor
13:13 Squires
13:57 Chain Mail Armor
17:27 Horse Collar
18:53 Forging
19:39 Loom
23:22 Wheelbarrow
25:46 Bow Saw
25:39 Heavy Plow
30:24 Imperial Age
28:14 Gold Mining
28:30 Fletching
28:40 Padded Archer Armor
29:42 Ballistics
29:30 Bodkin Arrow
30:01 Masonry
30:48 Leather Archer Armor
31:13 Bloodlines
31:03 Husbandry
31:34 Parthian Tactics
31:51 Conscription
32:20 Ring Archer Armor
31:54 Bracer
33:08 Chemistry
32:32 Thumb Ring
33:31 Ring Archer Armor
33:27 Heavy Cavalry Archer
35:09 Hand Cart
36:54 Gold Shaft Mining
36:09 Stone Mining
39:39 Coinage
38:56 Capped Ram
40:31 Hoardings
39:44 Treadmill Crane
40:00 Murder Holes
41:48 Caravan
45:36 Banking
47:22 Kataparuto
67:17 Siege Engineers
68:51 Two-Man Saw
69:45 Guard Tower
69:45 Arrowslits
70:13 Yasama
72:58 Fortified Wall
73:30 Keep
[GDL] ColimoteStudioS
8:29 Feudal Age
12:41 Castle Age
11:20 Wheelbarrow
10:32 Double-Bit Axe
10:29 Horse Collar
14:00 Bow Saw
16:16 Heavy Plow
19:56 Gold Mining
19:56 Stone Mining
20:19 Town Watch
20:48 Loom
21:19 Hand Cart
22:04 Gold Shaft Mining
22:04 Stone Shaft Mining
23:53 Stone Shaft Mining
23:50 Scale Mail Armor
26:41 Imperial Age
25:30 Scale Barding Armor
25:35 Forging
28:08 Conscription
27:45 Fletching
28:58 Bloodlines
28:48 Husbandry
28:09 Heavy Camel Rider
29:10 Chain Barding Armor
29:25 Iron Casting
31:06 Plate Barding Armor
31:31 Blast Furnace
30:27 Bodkin Arrow
30:45 Grand Trunk Road
30:24 Imperial Camel Rider
30:25 Light Cavalry
32:26 Bracer
33:28 Chemistry
32:49 Ballistics
32:45 Hussar
35:04 Padded Archer Armor
35:52 Coinage
35:15 Elite Skirmisher
36:01 Thumb Ring
37:08 Leather Archer Armor
37:09 Chain Mail Armor
39:11 Ring Archer Armor
39:59 Banking
41:28 Siege Engineers
41:34 Masonry
46:32 Caravan
48:03 Fortified Wall
74:36 Shatagni
Eye
7:50 Feudal Age
11:39 Castle Age
10:02 Double-Bit Axe
10:02 Horse Collar
14:32 Loom
31:11 Imperial Age
29:21 Padded Archer Armor
29:36 Bloodlines
30:32 Leather Archer Armor
30:36 Bow Saw
33:04 Two-Man Saw
32:08 Heavy Plow
32:00 Gold Mining
32:03 Stone Mining
33:07 Caravan
32:54 Elite Conquistador
34:06 Ring Archer Armor
34:58 Conscription
38:25 Wheelbarrow
39:05 Fletching
40:17 Chemistry
40:15 Elite Skirmisher
40:52 Bodkin Arrow
41:22 Fortified Wall
41:24 Masonry
41:54 Bracer
45:29 Architecture
44:55 Murder Holes
46:12 Ballistics
45:50 Murder Holes
46:58 Hand Cart
46:29 Town Watch
51:04 Thumb Ring
58:51 Supremacy
64:49 Hoardings
70:31 Two-Man Saw
BoBa
7:13 Loom
8:58 Feudal Age
14:01 Castle Age
12:29 Gold Mining
13:09 Horse Collar
15:12 Loom
16:24 Wheelbarrow
15:53 Double-Bit Axe
16:45 Bow Saw
17:07 Heavy Plow
22:41 Hand Cart
22:12 Town Watch
22:34 Scale Barding Armor
22:42 Bloodlines
22:33 Husbandry
23:59 Stone Mining
26:03 Chain Barding Armor
28:43 Imperial Age
26:47 Szlachta Privileges
27:51 Light Cavalry
28:43 Forging
28:48 Cavalier
28:50 Winged Hussar
29:52 Conscription
30:09 Iron Casting
31:47 Crop Rotation
33:25 Chemistry
34:16 Blast Furnace
33:07 Fletching
33:49 Treadmill Crane
34:31 Ballistics
35:30 Caravan
36:51 Capped Ram
37:47 Siege Ram
38:54 Bodkin Arrow
39:49 Lechitic Legacy
41:31 Hoardings
41:53 Fortified Wall
44:23 Bracer
44:31 Siege Engineers
44:36 Masonry
49:51 Elite Obuch
53:15 Stone Shaft Mining
57:22 Town Patrol
60:20 Scale Mail Armor
60:21 Murder Holes
62:58 Chain Mail Armor
62:45 Squires
62:30 Arson
64:52 Plate Mail Armor
harooooo
6:45 Feudal Age
10:58 Castle Age
9:13 Horse Collar
9:59 Double-Bit Axe
12:21 Bow Saw
15:07 Squires
15:55 Scale Mail Armor
18:33 Chain Mail Armor
24:00 Loom
24:23 Town Watch
27:41 Imperial Age
28:49 Conscription
27:56 Crossbowman
28:40 Fletching
28:52 Padded Archer Armor
28:54 Arbalester
30:46 Bodkin Arrow
31:55 Chemistry
32:01 Fortified Wall
32:05 Bracer
33:51 Ballistics
37:39 Bogsveigar
37:31 Gold Mining
37:32 Stone Mining
38:53 Caravan
39:34 Leather Archer Armor
41:00 Gold Shaft Mining
40:57 Ring Archer Armor
42:40 Treadmill Crane
43:10 Masonry
42:40 Treadmill Crane
43:10 Masonry
42:56 Arrowslits
42:55 Onager
44:32 Siege Engineers
46:44 Coinage
45:45 Capped Ram
46:41 Murder Holes
46:56 Masonry
46:11 Elite Skirmisher
48:05 Guard Tower
48:45 Architecture
53:57 Two-Man Saw
53:10 Sappers
54:15 Hoardings
54:41 Banking
55:07 Siege Ram
62:57 Hoardings
67:18 Hoardings
68:39 Heavy Plow
flynorc
7:26 Feudal Age
11:06 Castle Age
9:28 Double-Bit Axe
9:44 Horse Collar
11:27 Loom
12:09 Bow Saw
12:54 Heavy Plow
18:06 Fletching
19:15 Bodkin Arrow
22:49 Gold Mining
24:13 Wheelbarrow
23:32 Town Watch
27:21 Imperial Age
25:35 Hand Cart
27:36 Padded Archer Armor
27:57 Ballistics
27:50 Scale Mail Armor
28:02 Forging
27:54 Elite Longbowman
28:38 Bracer
29:40 Yeomen
29:04 Pikeman
31:13 Conscription
31:29 Hoardings
31:58 Leather Archer Armor
32:46 Chemistry
31:57 Masonry
32:00 Squires
32:17 Chain Mail Armor
32:12 Forging
32:38 Coinage
32:15 Caravan
33:05 Warwolf
32:36 Halberdier
34:28 Plate Mail Armor
36:01 Iron Casting
35:57 Ring Archer Armor
36:30 Banking
39:20 Murder Holes
39:55 Architecture
40:52 Two-Man Saw
40:54 Blast Furnace
39:48 Stone Mining
40:34 Gold Shaft Mining
49:26 Crossbowman
52:00 Arbalester
63:12 Town Patrol
Athenaeis
8:20 Feudal Age
11:55 Castle Age
9:53 Double-Bit Axe
9:53 Horse Collar
21:24 Bow Saw
24:43 Loom
27:23 Wheelbarrow
32:04 Imperial Age
30:28 Gold Mining
31:05 Bloodlines
30:55 Husbandry
31:01 Scale Barding Armor
31:52 Forging
32:03 Chain Barding Armor
32:10 Heavy Plow
32:58 Cavalier
34:20 Conscription
34:40 Plate Barding Armor
36:56 Caravan
36:27 Light Cavalry
39:11 Capped Ram
40:10 Detinets
41:01 Hussar
41:28 Siege Ram
42:40 Coinage
42:45 Crop Rotation
43:16 Two-Man Saw
42:38 Hand Cart
45:12 Banking
46:40 Town Watch
59:02 Iron Casting
59:25 Fletching
63:08 Scale Mail Armor
63:10 Squires
62:39 Pikeman
64:34 Blast Furnace
64:16 Chain Mail Armor
63:56 Halberdier
67:41 Plate Mail Armor
67:37 Masonry
Datalore
6:48 Feudal Age
10:49 Castle Age
8:59 Double-Bit Axe
12:21 Horse Collar
15:48 Loom
16:40 Wheelbarrow
16:24 Bow Saw
16:19 Heavy Plow
23:22 Gold Mining
27:02 Imperial Age
24:22 Town Watch
25:09 Stone Mining
26:22 Hand Cart
27:25 Padded Archer Armor
28:12 Conscription
27:13 Elite Conquistador
28:01 Scale Barding Armor
28:40 Forging
28:43 Bloodlines
28:33 Husbandry
27:55 Light Cavalry
29:49 Chain Barding Armor
31:27 Iron Casting
31:27 Plate Barding Armor
30:15 Hussar
32:52 Chemistry
33:18 Two-Man Saw
33:33 Blast Furnace
34:21 Cavalier
35:14 Caravan
44:29 Cavalier
45:27 Leather Archer Armor
46:57 Stone Shaft Mining
46:56 Paladin
51:23 Ring Archer Armor
55:13 Ballistics
55:05 Masonry
56:46 Coinage
56:27 Guilds
57:33 Supremacy
58:11 Ring Archer Armor
61:41 Fortified Wall
63:59 Banking
Connection lost

Rejoining the realm…

Still unreachable

The connection could not be restored.

Session expired

The server has moved on; the page needs a fresh start.